 Dungeon Crawl Stone Soup version 0.21.1-1-g345015fe64 (webtiles) character file.

50 Ivernyr the Charmwright (level 4, -9/34 HPs)
             Began as a Human Skald on May 1, 2018.
             Mangled by a kobold
             ... wielding a +2 whip of electrocution
              (19 damage)
             ... on level 2 of the Dungeon.
             The game lasted 00:04:05 (1391 turns).

Ivernyr the Charmwright (Human Skald)               Turns: 1391, Time: 00:04:06

Health: -9/34      AC:  3    Str: 12    XL:     4   Next: 4%
Magic:  6/7        EV: 12    Int: 13    God:
Gold:   56         SH:  0    Dex: 13    Spells: 2/7 levels left

rFire    . . .     SeeInvis .   a - +0 falchion
rCold    . . .     Gourm    .   (no shield)
rNeg     . . .     Faith    .   b - +0 leather armour
rPois    .         Spirit   .   (no helmet)
rElec    .         Reflect  .   (no cloak)
rCorr    .         Harm     .   (no gloves)
MR       .....                  (no boots)
Stlth    +.........             (no amulet)
HPRegen  0.11/turn              (no ring)
MPRegen  0.10/turn              (no ring)

@: no status effects
A: no striking features
a: no special abilities


You were on level 2 of the Dungeon.
You were not hungry.

You visited 1 branch of the dungeon, and saw 2 of its levels.

You collected 56 gold pieces.

Inventory:

Hand Weapons
 a - a +0 falchion (weapon)
Armour
 b - a +0 leather armour (worn)
 l - a +0 buckler
Scrolls
 f - a scroll of enchant armour {unknown}
 g - a scroll of fog {unknown}
 k - a scroll of fear {unknown}
 n - 2 scrolls of enchant weapon {unknown}
 o - a scroll of identify {unknown}
Potions
 e - a potion of lignification {unknown}
 h - a potion of haste {unknown}
 i - a potion of brilliance {unknown}
 j - a potion of degeneration {unknown}
 m - a potion of agility {unknown}
Books
 c - a book of Battle

   Spells                             Type                      Level
   a - Infusion                       Charms                       1
   b - Shroud of Golubria             Charms/Translocation         2
   c - Song of Slaying                Charms                       2
   d - Spectral Weapon                Hexes/Charms                 3
   e - Regeneration                   Charms/Necromancy            3
Comestibles
 d - 3 rations
 p - a chunk of flesh


   Skills:
 - Level 2.3 Fighting
 + Level 2.4 Long Blades
 + Level 2.1 Armour
 - Level 2.0 Dodging
 * Level 0.6 Shields
 - Level 2.0 Spellcasting
 + Level 3.3 Charms


You had 2 spell levels left.
You knew the following spells:

 Your Spells              Type           Power        Failure   Level  Hunger
a - Shroud of Golubria    Chrm/Tloc      #.........   24%         2    ###....
b - Song of Slaying       Chrm           ##......     12%         2    ###....
c - Infusion              Chrm           ##..         9%          1    ##.....


Dungeon Overview and Level Annotations

Branches:
Dungeon (2/15)

Altars:


Message History

You are electrocuted!
Ouch! That really hurt!
The kobold barely misses you.
You riposte.
You completely miss the kobold. You closely miss the kobold.
The kobold hits you with a whip of electrocution.
You hit the kobold.
The kobold is moderately wounded.
The kobold barely misses you.
You riposte.
You hit the kobold but do no damage.
The kobold is moderately wounded.
You barely miss the kobold.
The kobold is moderately wounded.
The kobold misses you.
You hit the kobold but do no damage.
The kobold is moderately wounded.
Your shroud unravels.
The kobold hits you with a whip of electrocution.
* * * LOW HITPOINT WARNING * * *
You are electrocuted!
Ouch! That really hurt!
You die...

..........#.# ..........#.#
.#.# ..####...##.# ......
..# #.####.# .#.#.# ..#
#.###..## ...... ..#
#.......########.#.#.# .##
#.#.#.#..#.....#.....
.#####........#.###...##
.......#.#.#....@Kg....##
...##.........#.###.....###
.<.....#.#.#..#.###.........
#..###........#.........####
#.#...#.......#.#.#.#..##
#.............#...(....#
.#.#.#..........#.#.#..#
.#.....................#
.#.#.#..........#.#.#..#


You could see a hobgoblin and a kobold.

Vanquished Creatures
  2 adders (D:2)
  A worm (D:2)
  2 dart slugs
  A leopard gecko (D:1)
  3 giant cockroaches
  A goblin (D:1)
  2 jackals (D:1)
  2 kobolds
  7 bats (D:1)
  6 frilled lizards (D:1)
  A rat (D:1)
28 creatures vanquished.

Notes
Turn   | Place    | Note
-------+----------+-------------------------------------------
     0 | D:1      | Ivernyr the Human Skald began the quest for the Orb.
     0 | D:1      | Reached XP level 1. HP: 16/16 MP: 3/3
   167 | D:1      | Reached XP level 2. HP: 22/22 MP: 5/5
   171 | D:1      | Learned a level 2 spell: Song of Slaying
   174 | D:1      | Learned a level 2 spell: Shroud of Golubria
   697 | D:1      | Reached XP level 3. HP: 27/27 MP: 6/6
  1244 | D:2      | Reached XP level 4. HP: 23/34 MP: 2/7
  1391 | D:2      | Mangled by a kobold

Skill      XL: |  1  2  3 |
---------------+----------+-----
Armour         | 2 |  2.1
Fighting       | |  2.3
Long Blades    | |  2.4
Dodging        | |  2.0
Shields        | |  0.6
Spellcasting   | |  2.0
Charms         | |  3.3

Action                   |  1- 3 |  4- 6 || total
-------------------------+-------+-------++-------
Melee: Falchion          |   115 |    12 ||   127
 Cast: Shroud of Golubri |     4 |     1 ||     5
 Stab: Sleeping          |     1 |       ||     1
  Eat: Chunk             |     1 |     1 ||     2
Armor: Leather armour    |    37 |     4 ||    41
Dodge: Dodged            |    97 |    11 ||   108
       Rpst.: Falchion   |    28 |     4 ||    32
